AoeStats
← SwolierThanThou

Arena

507996251Analyzed
1v1 RM · 10d ago on Sep 20, 2026· 51m 54s· 2 players
Game mode
Random Map
Map size
Tiny (2 player)
Population
200
Speed
Normal
Resources
Standard
Victory
Conquest
Starting age
Dark Age
Ending age
Imperial Age
RankedLock teamsTeams togetherTeam positionsShared explorationLock speedFull tech treeHidden civsTurbo modeCheats
Victory
Defeat
🇦🇷 Armenians · Argentina
708
+17
🇺🇸 Teutons · United States
722
-17
Artsakh Army
0:27 Loom
11:41 Feudal Age
17:13 Castle Age
15:56 Stone Mining
15:49 Horse Collar
16:00 Double-Bit Axe
16:10 Gold Mining
18:40 Bow Saw
19:02 Heavy Plow
29:20 Imperial Age
27:58 Gold Shaft Mining
29:44 Arson
30:00 Squires
29:21 Pikeman
32:59 Chemistry
34:24 Padded Archer Armor
34:15 Fletching
34:35 Forging
34:26 Scale Mail Armor
34:38 Crossbowman
36:10 Elite Skirmisher
36:51 Gambesons
36:27 Halberdier
38:03 Wheelbarrow
39:52 Hand Cart
39:24 Town Watch
42:51 Town Patrol
43:09 Chain Mail Armor
43:30 Iron Casting
42:50 Bodkin Arrow
43:11 Leather Archer Armor
46:02 Bracer
46:33 Plate Mail Armor
47:04 Blast Furnace
45:33 Arbalester
48:55 Conscription
47:56 Elite Composite Bowman
50:01 Ring Archer Armor
49:46 Cilician Fleet
SwolierThanThou
10:10 Loom
10:24 Loom
12:32 Feudal Age
13:30 Double-Bit Axe
13:27 Horse Collar
18:40 Castle Age
21:25 Wheelbarrow
21:25 Bow Saw
21:19 Heavy Plow
24:40 Bloodlines
25:18 Hand Cart
24:49 Town Watch
26:14 Forging
26:11 Scale Barding Armor
26:08 Gold Mining
33:19 Imperial Age
33:55 Ironclad
33:43 Stone Mining
35:06 Two-Man Saw
34:47 Crop Rotation
34:12 Fletching
34:58 Iron Casting
34:44 Chain Barding Armor
34:47 Ballistics
35:28 Chemistry
34:34 Siege Engineers
34:59 Conscription
36:22 Crenellations
36:54 Masonry
36:57 Cavalier
38:27 Paladin
39:49 Plate Barding Armor
40:15 Blast Furnace
39:11 Bodkin Arrow
42:00 Pikeman
42:41 Squires
42:59 Elite Teutonic Knight
44:03 Arson
44:29 Man-at-Arms
44:55 Gambesons
45:02 Long Swordsman
45:58 Two-Handed Swordsman
46:44 Champion
48:03 Elite Skirmisher
49:30 Scale Mail Armor
49:30 Padded Archer Armor
51:25 Chain Mail Armor
51:25 Leather Archer Armor
Connection lost

Rejoining the realm…

Still unreachable

The connection could not be restored.

Session expired

The server has moved on; the page needs a fresh start.